 Dungeon Crawl Stone Soup version 0.21-a0-584-g185da8e (webtiles) character file.

592 KristoblXynda the Chucker (level 7, -6/55 HPs)
             Began as a Centaur Gladiator on Dec 20, 2017.
             Mangled by Prince Ribbit (12 damage)
             ... on level 5 of the Dungeon.
             The game lasted 00:12:42 (5125 turns).

KristoblXynda the Chucker (Centaur Gladiator)       Turns: 5125, Time: 00:12:43

Health: -6/55      AC:  8    Str: 17    XL:     7   Next: 16%
Magic:  7/7        EV: 15    Int:  8    God:
Gold:   124        SH:  0    Dex: 16    Spells: 6/6 levels left

rFire    . . .     SeeInvis +   t - +0 halberd
rCold    . . .     Gourm    .   (shield currently unavailable)
rNeg     + . .     Faith    .   j - +1 ring mail
rPois    .         Spirit   .   c - +0 helmet
rElec    .         Reflect  .   (no cloak)
rCorr    .         Harm     .   (no gloves)
MR       .....                  (no barding)
Stlth    +.........             (no amulet)
HPRegen  0.18/turn              i - ring of positive energy
MPRegen  0.10/turn              s - ring of see invisible

@: agile, berserk cooldown, slowed
A: large, hooves 3, deformed body, speed 2, tough skin 3
a: no special abilities


You were on level 5 of the Dungeon.
You were not hungry.

You visited 1 branch of the dungeon, and saw 5 of its levels.

You collected 124 gold pieces.

Inventory:

Hand Weapons
 t - a +0 halberd (weapon)
 w - a +0 spear
Missiles
 d - 5 throwing nets
 o - 2 tomahawks (quivered)
Armour
 c - a +0 helmet (worn)
 j - a +1 ring mail (worn)
Jewellery
 i - a ring of positive energy (left hand)
 n - an uncursed ring of positive energy
 s - a ring of see invisible (right hand)
Scrolls
 a - a scroll of amnesia
 e - 2 scrolls of fear
 g - a scroll of remove curse
Potions
 b - a potion of berserk rage
 k - 2 potions of agility
 m - a potion of resistance {unknown}
 p - a potion of brilliance {unknown}
 r - 2 potions of flight
Books
 u - a book of Maledictions

   Spells                             Type                      Level
   a - Corona                         Hexes                        1
   b - Ensorcelled Hibernation        Hexes/Ice                    2
   c - Confuse                        Hexes                        3
   d - Tukima's Dance                 Hexes                        3
   e - Dazzling Spray                 Conjuration/Hexes            3
Comestibles
 f - 5 rations


   Skills:
 - Level 2.0 Fighting
 + Level 4.8 Polearms
 + Level 5.3 Throwing
 + Level 2.3 Armour
 - Level 3.0 Dodging


You had 6 spell levels left.
You didn't know any spells.

Dungeon Overview and Level Annotations

Branches:
Dungeon (5/15)
 Temple: D:4-7

Altars:
Makhleb
Qazlal
Ru
Trog

Shops:
D:4 !

Annotations:
D:4 Daviar's ghost, novice GnWr
D:5 Prince Ribbit


Innate Abilities, Weirdness & Mutations

You have hooves in place of feet.
Armour fits poorly on your strangely shaped body.
You cover ground very quickly.
You have extremely tough skin. (AC +3)


Message History

Prince Ribbit hits you!
* * * LOW HITPOINT WARNING * * *
You completely miss Prince Ribbit. Your kick misses Prince Ribbit.
Prince Ribbit is heavily wounded.
Prince Ribbit blinks!
You feel a strong urge to attack something.
You are no longer berserk.
You are exhausted.
You feel yourself slow down.
It was a potion of curing.
You feel better.
Prince Ribbit blinks!
Prince Ribbit closely misses you. Prince Ribbit hits you.
* * * LOW HITPOINT WARNING * * *
Prince Ribbit closely misses you.
You hit Prince Ribbit. Your kick misses Prince Ribbit.
Prince Ribbit is heavily wounded.
Prince Ribbit hits you!
* * * LOW HITPOINT WARNING * * *
Prince Ribbit hits you!
You die...

#.# #.# #.# #.# #.#
#####.#########
#.............#######
#@#######.......#
#F##...##.....#.##
#.....)..........#
#.##...##.....####
#.###.###...#.###.####
#......ยง....#>F.......
#.###.###...#.###.####
#......##......
#########....F.


You could see Prince Ribbit.

Vanquished Creatures
  A crocodile (D:4)
  A hound (D:5)
  2 orc priests (D:4)
  2 worker ants (D:4)
  A howler monkey zombie (D:5)
  14 gnolls
  10 adders
  An adder skeleton (D:4)
  10 worms
  2 dart slugs (D:1)
  A leopard gecko (D:2)
  13 orcs
  12 bats
  3 giant cockroaches
  8 goblins
  4 hobgoblins
  4 jackals (D:3)
  5 ball pythons
  5 frilled lizards
  5 kobolds
  A leopard gecko skeleton (D:4)
  A quokka skeleton (D:4)
  13 rats
119 creatures vanquished.

Vanquished Creatures (others)
  3 fungi (D:4)
3 creatures vanquished.

Grand Total: 122 creatures vanquished

Notes
Turn   | Place    | Note
-------+----------+-------------------------------------------
     0 | D:1      | KristoblXynda the Centaur Gladiator began the quest for the Orb.
     0 | D:1      | Reached XP level 1. HP: 17/17 MP: 1/1
   101 | D:1      | Reached XP level 2. HP: 6/24 MP: 2/2
   573 | D:1      | Reached XP level 3. HP: 19/29 MP: 3/3
  1014 | D:1      | Reached skill level 3 in Throwing
  1201 | D:2      | Found a bloodstained altar of Trog.
  1240 | D:2      | Reached XP level 4. HP: 34/36 MP: 4/4
  1409 | D:2      | Found a faded altar of an unknown god.
  1874 | D:2      | Found a stormy altar of Qazlal.
  2233 | D:2      | Reached XP level 5. HP: 27/41 MP: 5/5
  2486 | D:3      | Reached skill level 4 in Throwing
  2542 | D:3      | Reached skill level 1 in Armour
  3056 | D:3      | Found a burning altar of Makhleb.
  3260 | D:4      | Reached XP level 6. HP: 35/48 MP: 6/6
  4033 | D:4      | Found Waitway's Distillery.
  4070 | D:4      | Reached skill level 5 in Throwing
  4151 | D:4      | Noticed Daviar's ghost (novice GnWr)
  4519 | D:4      | Found a sacrificial altar of Ru.
  4570 | D:4      | Reached XP level 7. HP: 21/55 MP: 7/7
  4899 | D:5      | Entered Level 5 of the Dungeon
  5050 | D:5      | Noticed Prince Ribbit
  5125 | D:5      | Mangled by Prince Ribbit

Vault maps used:
D:1:      dpeg_arrival_another_circle
D:2:      nicolae_qazlal_eye_of_the_storm, marbit_many_paths,
          chequers_ecumenical_altar_simple, first_ration
D:3:      nicolae_overflow_hidden_temple
D:4:      serial_aquarium, aquarium_bridge_straight, aquarium_window_fake,
          aquarium_window_1, aquarium_view_2e, aquarium_pool_corner,
          serial_shops, nicolae_shop_behind_doors, st_stairs_8,
          nicolae_ru_awakened_eye
D:5:      basic_altar, trog_hazing_becter, uniq_prince_ribbit1, uniq_edmund

Skill      XL: |  1  2  3  4  5  6 |
---------------+-------------------+-----
Polearms       | 3 4 |  4.8
Throwing       | 3 4 5 |  5.3
Dodging        | 3 |  3.0
Armour         | 1 2 |  2.3
Fighting       | |  2.0

Action                   |  1- 3 |  4- 6 |  7- 9 || total
-------------------------+-------+-------+-------++-------
Melee: Trident           |    82 |   171 |       ||   253
       Kick              |    18 |    60 |    11 ||    89
       Spear             |       |   137 |    43 ||   180
       Halberd           |       |     5 |     6 ||    11
  Use: Scroll            |       |     4 |     1 ||     5
       Potion            |       |       |     3 ||     3
  Eat: Chunk             |       |     6 |       ||     6
       Ration            |       |     1 |     1 ||     2
Armor: Leather armour    |    16 |       |       ||    16
       Ring mail         |    28 |   127 |    13 ||   168
Dodge: Dodged            |    32 |   132 |    14 ||   178

Table legend:
 A = Spawn XP
 B = Non-spawn XP
 C = Spawn XP percentage of total XP
 D = Spawn monster count
 E = Non-spawn monster count
 F = Spawn count percentage of total count
 G = Total turns spent on level
                    A         B        C        D         E        F      G
               +---------+---------+-------+---------+---------+-------+---------
         Total |       0 |     847 |   0.0 |       0 |     119 |   0.0 |  5125
               +---------+---------+-------+---------+---------+-------+---------
           D:1 |       0 |      58 |   0.0 |       0 |      27 |   0.0 |  1092
           D:2 |       0 |     143 |   0.0 |       0 |      32 |   0.0 |  1368
           D:3 |       0 |     205 |   0.0 |       0 |      35 |   0.0 |  1209
           D:4 |       0 |     377 |   0.0 |       0 |      21 |   0.0 |  1230
           D:5 |       0 |      64 |   0.0 |       0 |       4 |   0.0 |   226
               +---------+---------+-------+---------+---------+-------+---------
